 Dungeon Crawl Stone Soup version 0.32-a0-329-ge6c31236d6 (webtiles) character file.

Game seed: 11031455294279374765

8878 Sobieck the Severer (level 11, -2/96 (101) HPs)
             Began as a Mountain Dwarf Fighter on Feb 16, 2024.
             Was a Follower of the Shining One.
             Slain by a wraith (10 damage)
             ... led by Josephine
             ... on level 10 of the Dungeon.
             The game lasted 00:15:40 (9013 turns).

Sobieck the Severer (Mountain Dwarf Fighter)        Turns: 9013, Time: 00:15:41

HP:   -2/96 (101)   AC: 15    Str: 30    XL:     11   Next: 15%
MP:   9/12          EV: 10    Int:  8    God:    the Shining One [*.....]
Gold: 520           SH: 12    Dex:  7    Spells: 10/10 levels left

rFire   + . .        D - +1 war axe (freeze)
rCold   . . .        c - +1 buckler
rNeg    . . .        b - +0 scale mail
rPois   .            t - +0 helmet
rElec   .            (no cloak)
rCorr   .            C - +0 pair of gloves
SInv    .            (no boots)
Will    +....        (no amulet) Stlth
                     s - +4 ring of protection
HPRegen 0.36/turn    f - ring of protection from fire
MPRegen 0.13/turn

%: no passive effects
@: divinely shielded, slowed, glowing, lightly drained, very slow
A: runic magic, artefact enchanting, strong 2, persistent drain
a: Renounce Religion, Divine Shield


You were on level 10 of the Dungeon.
You worshipped the Shining One.
The Shining One was aware of your devotion.
You visited 2 branches of the dungeon, and saw 11 of its levels.

You collected 590 gold pieces.
You spent 70 gold pieces at shops.

Inventory:

Hand Weapons
 a - a +1 war axe of chaos
 z - a +0 war axe
 D - a +1 war axe of freezing (weapon)
Missiles
 j - 116 stones (quivered)
 k - 15 poisoned darts
 Z - 3 throwing nets
Armour
 b - a +0 scale mail (worn)
 c - a +1 buckler (worn)
 q - an orb of mayhem
 r - a +0 hat
 t - a +0 helmet (worn)
 y - a +1 hat
 C - a +0 pair of gloves (worn)
 F - a +0 pair of gloves
Jewellery
 f - a ring of protection from fire (right hand)
 s - a +4 ring of protection (left hand)
 G - a ring of magical power
Wands
 E - a wand of acid (12)
 P - a wand of paralysis (34)
Scrolls
 e - 3 scrolls of poison
 h - 3 scrolls of immolation
 i - 2 scrolls of enchant armour
 l - 2 scrolls of noise
 m - 2 scrolls of enchant weapon
 o - a scroll of revelation
 u - 2 scrolls of summoning
 v - a scroll of silence {!r}
 R - 2 scrolls of identify
 T - 7 scrolls of teleportation
Potions
 d - 3 potions of might
 g - a potion of berserk rage
 n - a potion of heal wounds
 p - 4 potions of mutation
 w - a potion of resistance
 x - a potion of cancellation
 A - a potion of brilliance {unknown}
 B - a potion of enlightenment {unknown}
 H - 3 potions of haste
 I - a potion of lignification {unknown}
 Q - 4 potions of curing


   Skills:
 + Level 10.5 Fighting
 - Level 16.0 Axes
 - Level 9.0 Armour
 + Level 3.3 Dodging
 - Level 5.0 Shields
 + Level 2.1 Invocations
 + Level 4.8 Evocations


You had 10 spell levels left.
You didn't know any spells.
Your spell library contained the following spells:

 Spells                   Type           Power      Damage    Failure   Level
 Apportation              Tloc           0%         N/A       50%         1
 Magic Dart               Conj           0%         1d3       50%         1
 Cigotuvi's Dreadful Rot  Necr/Alch/Air  0%         N/A       65%         2
 Ensorcelled Hibernation  Hex/Ice        0%         N/A       65%         2
 Jinxbite                 Hex            0%         N/A       65%         2
 Searing Ray              Conj           0%         2d4       65%         2
 Passwall                 Erth           0%         N/A       86%         3
 Swiftness                Air            0%         N/A       86%         3
 Animate Dead             Necr           0%         N/A       99%         4
 Dispel Undead            Necr           0%         3d6       99%         4
 Fulminant Prism          Conj/Alch      0%         3d5       99%         4
 Martyr's Knell           Necr/Summ      0%         N/A       99%         4
 Alistair's Intoxication  Alch           0%         N/A       100%        5
 Summon Forest            Summ/Tloc      0%         N/A       100%        5
 Death Channel            Necr           0%         N/A       100%        6
 Eringya's Noxious Bog    Alch           0%         4d6       100%        6
 Haunt                    Necr/Summ      0%         N/A       100%        7
 Summon Hydra             Summ           0%         N/A       100%        7
 Infestation              Necr           0%         N/A       100%        8


Dungeon Overview and Level Annotations

Branches:
Dungeon (10/15)            Temple (1/1) D:6            Lair (0/5) D:9
    Orc: D:9-12

Altars:
Ashenzari
Cheibriados
Dithmenos
Elyvilon
Fedhas
Gozag
Hepliaklqana
Kikubaaqudgha
Makhleb
Nemelex Xobeh
Okawaru
Qazlal
Ru
Sif Muna
Trog
Uskayaw
Vehumet
Wu Jian
Xom
Yredelemnul
Zin
The Shining One

Shops:
D:1 [   D:5 !

Annotations:
D:10 Josephine


Innate Abilities, Weirdness & Mutations

Your spellcasting is much less encumbered by armour.
You can use scrolls of enchantment on lesser artefacts.
Your muscles are very strong. (Str +8, Int/Dex -2)
Your health recovers twice as slowly from being drained.


Message History

You feel as though you will be slow longer.
You are too injured to fight recklessly!
You are too injured to fight recklessly!
You are too injured to fight recklessly!
Unknown command.
You slash Josephine! You freeze Josephine.
Josephine is severely wounded.
You barely miss the wraith. You slash the wraith! You freeze the wraith.
You slash the wraith! You freeze the wraith.
Josephine draws life force from you!
* * * LOW HITPOINT WARNING * * *
Josephine is healed by the life force!
The wraith hits you!
* * * LOW HITPOINT WARNING * * *
The wraith hits you but does no damage. You block the wraith's attack.
Unknown command.
Unknown command.
Your shield is strengthened by the Shining One's divine power.
Josephine points at you and mumbles some strange words.
The ghostly flame explodes!
The ghostly fireball engulfs you!!
You feel drained.
* * * LOW HITPOINT WARNING * * *
The ghostly fireball engulfs Josephine.
Josephine completely resists.
The ghostly fireball engulfs the wraith.
The wraith completely resists.
The ghostly fireball engulfs the wraith.
The wraith completely resists.
The ghostly fireball engulfs the wraith.
The wraith completely resists.
You block the wraith's attack. The wraith hits you.
* * * LOW HITPOINT WARNING * * *
The wraith drains your vigour!
You feel as though you will be slow longer.
The wraith hits you but does no damage.
You hear a bellow!
Unknown command.
You slash Josephine! You freeze Josephine!
Josephine is almost dead.
You hit the wraith but do no damage. You slash the wraith!
You freeze the wraith. You completely miss the wraith.
Josephine hits you with a +0 dagger.
* * * LOW HITPOINT WARNING * * *
The wraith closely misses you. You block the wraith's attack.
The wraith misses you.
Unknown command.
You barely miss Josephine.
Josephine is almost dead.
You slash the wraith! You freeze the wraith. You slash the wraith!
You freeze the wraith. You barely miss the wraith.
Josephine hits you but does no damage. The wraith hits you!
You die...

##.....## #.#
##)..## #.#
##'### #.#
#...#######.# #
#...........#
#.##.
##...######### .
.WW#####...##
#...##@W.#.....##
#.....W@.#......#
#...##W.......#.#
# #####.####.#
#.# #.# #.####.#
#......# ########


You could see Josephine and 5 wraiths.

Vanquished Creatures
  A two-headed ogre (D:9)
  A kobold demonologist (D:9)
  2 komodo dragons (D:9)
  Grinder (D:3)
  A shadow (D:10)
  9 yaks
  3 vampire mosquitoes (D:9)
  A water moccasin (D:6)
  3 orc warriors
  A hornet zombie (D:5)
  An ice beast (D:5)
  2 sky beasts (D:7)
  2 ogres (D:6)
  3 black bears
  A centaur (D:8)
  2 phantoms (D:5)
  A kobold brigand (D:10)
  3 bullfrogs
  5 scorpions
  A wyvern zombie (D:5)
  3 gnoll sergeants
  2 water moccasin zombies (D:5)
  7 wights
  A bombardier beetle (D:6)
  A howler monkey (D:8)
  2 centaur zombies (D:5)
  3 jellies
  A bullfrog skeleton (D:5)
  A gnoll bouda (D:6)
  7 orc priests
  2 hounds (D:5)
  2 sleepcaps
  3 iguanas
  14 orc wizards
  A scorpion zombie (D:5)
  2 hound zombies (D:5)
  A hound skeleton (D:5)
  17 gnolls
  13 adders
  A white imp (D:7)
  4 ufetubi
  An adder zombie (D:5)
  2 ribbon worms
  33 orcs
  8 ball pythons
  5 endoplasms
  12 giant cockroaches
  4 goblins
  4 hobgoblins
  14 jackals
  13 kobolds
  8 quokkas
  2 bats
  3 frilled lizards (D:2)
  5 rats
246 creatures vanquished.

Vanquished Creatures (others)
  An orc (D:8)
1 creature vanquished.

Grand Total: 247 creatures vanquished

Notes
Turn   | Place    | Note
-------+----------+-------------------------------------------
     0 | D:1      | Sobieck the Mountain Dwarf Fighter began the quest for the
                  | Orb.
     0 | D:1      | Reached XP level 1. HP: 19/19 MP: 1/1
    36 | D:1      | Reached XP level 2. HP: 17/26 MP: 2/2
   156 | D:1      | Reached skill level 3 in Axes
   442 | D:1      | Reached XP level 3. HP: 31/31 MP: 3/3
   698 | D:1      | Found Jifysa's Antique Armour Shop.
  1140 | D:2      | Reached XP level 4. HP: 40/40 MP: 4/4
  1337 | D:2      | Reached skill level 4 in Axes
  1491 | D:2      | Found a shimmering altar of Xom.
  1856 | D:3      | Reached XP level 5. HP: 46/46 MP: 5/5
  1861 | D:3      | Noticed Grinder
  1866 | D:3      | Paralysed by Grinder for 3 turns
  1885 | D:3      | Gained mutation: Your muscles are strong. (Str +4, Int/Dex
                  | -1) [potion of mutation]
  1885 | D:3      | Gained mutation: Your health recovers twice as slowly from
                  | being drained. [potion of mutation]
  1885 | D:3      | Gained mutation: Your muscles are very strong. (Str +8,
                  | Int/Dex -2) [potion of mutation]
  1890 | D:3      | Killed Grinder
  1891 | D:3      | Reached skill level 5 in Axes
  1891 | D:3      | Reached XP level 6. HP: 7/53 MP: 6/6
  2328 | D:3      | Found a shadowy altar of Dithmenos.
  2535 | D:3      | Found a faded altar of an unknown god.
  2553 | D:3      | Found a radiant altar of Vehumet.
  2828 | D:3      | Found a bloodstained altar of Trog.
  2889 | D:3      | Reached skill level 9 in Fighting
  2889 | D:3      | Reached skill level 13 in Axes
  2889 | D:3      | Reached XP level 7. HP: 70/70 MP: 7/7
  2890 | D:3      | Reached skill level 15 in Axes
  2890 | D:3      | Reached XP level 8. HP: 78/78 MP: 8/8
  3340 | D:4      | Found a burning altar of Makhleb.
  3820 | D:5      | Entered Level 5 of the Dungeon
  3836 | D:5      | Found Jaadd's Distillery.
  3844 | D:5      | Bought a potion of heal wounds for 70 gold pieces
  3857 | D:5      | Found a broken altar of Ashenzari.
  4025 | D:5      | Reached XP level 9. HP: 78/83 MP: 9/9
  4109 | D:5      | Reached skill level 1 in Evocations
  4396 | D:5      | Reached skill level 1 in Dodging
  4860 | D:6      | Found a staircase to the Ecumenical Temple.
  4884 | Temple   | Entered the Ecumenical Temple
  5246 | D:7      | Found an opulent altar of Gozag.
  5394 | D:7      | Reached XP level 10. HP: 84/92 MP: 10/10
  5510 | Temple   | Became a worshipper of the Shining One
  5635 | D:7      | Found a snail-covered altar of Cheibriados.
  6679 | D:8      | Found a hide-covered altar of Uskayaw.
  7103 | D:8      | Found a white marble altar of Elyvilon.
  7169 | D:8      | Found a basalt altar of Yredelemnul.
  7349 | D:9      | Reached skill level 16 in Axes
  7349 | D:9      | Reached skill level 3 in Evocations
  7444 | D:9      | Found a staircase to the Lair.
  7642 | D:9      | Reached * piety under the Shining One
  7787 | D:9      | Noticed a two-headed ogre
  7793 | D:9      | Killed a two-headed ogre
  7794 | D:9      | Reached skill level 3 in Dodging
  7794 | D:9      | Reached XP level 11. HP: 42/101 MP: 11/11
  7989 | D:9      | Reached skill level 9 in Armour
  8076 | D:9      | Reached skill level 1 in Invocations
  8249 | D:10     | Entered Level 10 of the Dungeon
  8249 | D:10     | Found a shimmering altar of Xom.
  8793 | D:10     | Found a stormy altar of Qazlal.
  9003 | D:10     | Noticed Josephine
  9004 | D:10     | Reached ** piety under the Shining One
  9013 | D:10     | Slain by a wraith

Illustrated notes

Levels and vault maps discovered:
D:1:      dpeg_arrival_boxorama, layout_basic, serial_shops, shop,
          serial_curves, eino_curves_04, eino_curves_04
D:2:      layout_basic, basic_altar
D:3:      minmay_roachtagon, layout_basic,
          mainiacjoe_overflow_concentric_impassable, trog_three_pillars_becter,
          mainiacjoe_overflow_chevrons, hellmonk_ecumenical_altar_leap_of_faith,
          uniq_grinder
D:4:      layout_basic, lemuel_round_altar
D:5:      layout_basic, old_standard_altar, serial_shops,
          nicolae_shop_gibbet_a_chance, serial_undead, serial_undead_e,
          serial_undead_a, serial_undead_a, serial_undead_a
D:6:      layout_rooms, temple_pool_b, serial_curves, eino_curves_03,
          eino_curves_03
D:7:      layout_basic, mainiacjoe_overflow_catch_the_wave
D:8:      layout_loops_cross, kennysheep_ying_yang,
          nicolae_uskayaw_murder_on_the_dancefloor
D:9:      layout_roguey, grunt_lair_entry_orc_guard_hut
D:10:     layout_loops_corners, kennysheep_mini_moat, xom_teletrap_fun,
          uniq_josephine
Temple:   eino_temple_lava

Skill      XL: |  1  2  3  4  5  6  7  8  9 10 11 |
---------------+----------------------------------+-----
Axes           | 3 4 5 13 15 16 | 16.0
Fighting       | 4 9 10 | 10.5
Armour         | 4 7 8 9 |  9.0
Shields        | 4 5 |  5.0
Evocations     | 2 4 |  4.8
Dodging        | 1 3 |  3.3
Invocations    | 2 |  2.1

Action                     |  1- 3 |  4- 6 |  7- 9 | 10-12 || total
---------------------------+-------+-------+-------+-------++-------
  Melee: War axe           |    85 |   136 |   261 |   234 ||   716
  Throw: Stone             |       |     1 |    11 |     1 ||    13
 Invoke: Divine Shield     |       |       |       |     1 ||     1
    Use: Potion            |       |     5 |     1 |       ||     6
         Scroll            |       |     3 |    12 |     5 ||    20
   Stab: Confused          |       |       |     1 |       ||     1
 Armour: Scale mail        |    73 |   109 |   136 |   147 ||   465
  Dodge: Dodged            |    49 |    60 |    78 |    61 ||   248
  Block: Buckler           |    20 |    33 |    56 |    33 ||   142

Table legend: (Time is in decaauts)
 A = Elapsed time spent in this place.
 B = Non-inter-level travel time spent in this place.
 C = Inter-level travel time spent in this place.
 D = Time resting spent in this place.
 E = Time spent auto-exploring this place.
 F = Levels seen in this place.
 G = Mean time per level.
                   A        B        C        D        E       F      G
               +--------+--------+--------+--------+--------+-----+--------+
         Total |   8963 |   8558 |    405 |    752 |   6303 |  11 |  814.8 |
       Dungeon |   8942 |   8556 |    386 |    752 |   6303 |  10 |  894.2 |
        Temple |     21 |      3 |     18 |      0 |      0 |   1 |   21.0 |
               +--------+--------+--------+--------+--------+-----+--------+

Top non-repeatable levels by time:
     D:3: 1171 daAuts
     D:7: 1073 daAuts
     D:1: 1010 daAuts
     D:9: 928 daAuts
     D:2: 887 daAuts
     D:4: 818 daAuts
     D:8: 800 daAuts
     D:5: 798 daAuts
    D:10: 751 daAuts
     D:6: 702 daAuts
  Temple: 21 daAuts
